 Dungeon Crawl Stone Soup version 0.22-a0-322-g60b3cfd (webtiles) character file.

31 sankara the Sneak (level 3, -2/21 HPs)
             Began as an Octopode Ice Elementalist on Apr 2, 2018.
             Slain by an ooze (3 damage)
             ... on level 1 of the Dungeon.
             The game lasted 00:03:23 (972 turns).

sankara the Sneak (Octopode Ice Elementalist)        Turns: 972, Time: 00:03:24

Health: -2/21      AC:  1    Str:  7    XL:     3   Next: 22%
Magic:  0/6        EV: 13    Int: 18    God:
Gold:   41         SH:  0    Dex: 12    Spells: 2/6 levels left

rFire    . . .     SeeInvis .   a - +0 dagger
rCold    . . .     Gourm    .   (no shield)
rNeg     . . .     Faith    .   (helmet restricted)
rPois    .         Spirit   .   (no amulet)
rElec    .         Reflect  .   (no ring)
rCorr    .         Harm     .   (no ring)
MR       .....                  (no ring)
Stlth    +++.......             (no ring)
HPRegen  0.07/turn              (no ring)
MPRegen  0.10/turn              (no ring)
                                (no ring)
                                (no ring)

@: no status effects
A: almost no armour, stealthy swim, amphibious, 8 rings, constrict 8, camouflage
1, gelatinous body 1
a: no special abilities


You were on level 1 of the Dungeon.
You were not hungry.

You visited 1 branch of the dungeon, and saw 2 of its levels.

You collected 41 gold pieces.

Inventory:

Hand Weapons
 a - a +0 dagger (weapon)
   (You found it on level 1 of the Dungeon)
Missiles
 g - 2 silver javelins (quivered)
 j - 18 stones
Scrolls
 c - 2 scrolls of enchant weapon {unknown}
 d - a scroll of remove curse {unknown}
 e - 7 scrolls of identify {unknown}
 h - 2 scrolls of immolation {unknown}
 l - a scroll of enchant armour {unknown}
 m - a scroll of fear {unknown}
Potions
 i - a potion of berserk rage {unknown}
 k - a potion of might {unknown}
Comestibles
 b - 4 rations


   Skills:
 - Level 2.0 Dodging
 * Level 4.1 Stealth
 + Level 2.3 Spellcasting
   Level 1.0 Conjurations
 + Level 0.1 Charms
 + Level 3.3 Ice Magic


You had 2 spell levels left.
You knew the following spells:

 Your Spells              Type           Power        Failure   Level  Hunger
a - Freeze                Ice            ##..         4%          1    #......
b - Ozocubu's Armour      Chrm/Ice       #.......     26%         3    ###....


Dungeon Overview and Level Annotations

Branches:
Dungeon (2/15)

Altars:


Innate Abilities, Weirdness & Mutations

You cannot wear most types of armour.
You are very stealthy in the water. (Stealth+)
You are amphibious.
You can wear up to eight rings at the same time.
You can use your tentacles to constrict eight enemies at once.
Your skin changes colour to match your surroundings (Stealth+).
Your rubbery body absorbs attacks. (AC +1, EV +1)


Message History

The hound skeleton bites you.
You barely miss the hound skeleton.
The hound skeleton is moderately damaged.
You constrict the hound skeleton.
The hound skeleton closely misses you. x2
You barely miss the hound skeleton.
The hound skeleton is moderately damaged.
You constrict the hound skeleton.
The ooze quivers.
The hound skeleton misses you.
Casting: Freeze (safe; 4% risk of failure)
Confirm with . or Enter, or press ? or * to list all spells.
Aiming: Freeze (safe; 4% risk of failure)
Press: ? - help, Shift-Dir - straight line, f - hound skeleton
Aim: a hound skeleton (moderately damaged, constricted by you)
You freeze the hound skeleton.
The hound skeleton resists.
The hound skeleton is moderately damaged.
You constrict the hound skeleton.
The hound skeleton bites you but does no damage.
The leopard gecko bites you.
Casting: Freeze (safe; 4% risk of failure)
Confirm with . or Enter, or press ? or * to list all spells.
Aiming: Freeze (safe; 4% risk of failure)
Press: ? - help, Shift-Dir - straight line, f/p - hound skeleton
Aim: a hound skeleton (heavily damaged, constricted by you)
You freeze the hound skeleton.
The hound skeleton resists.
The hound skeleton is heavily damaged.
You constrict the hound skeleton. The hound skeleton misses you.
The leopard gecko barely misses you. The hound skeleton barely misses you.
Casting: Freeze (safe; 4% risk of failure)
Confirm with . or Enter, or press ? or * to list all spells.
Aiming: Freeze (safe; 4% risk of failure)
Press: ? - help, Shift-Dir - straight line, f/p - hound skeleton
Aim: a hound skeleton (heavily damaged, constricted by you)
You freeze the hound skeleton.
The hound skeleton completely resists.
The hound skeleton is heavily damaged.
You constrict the hound skeleton.
The leopard gecko bites you but does no damage.
The hound skeleton barely misses you. The ooze barely misses you.
Casting: Freeze (safe; 4% risk of failure)
Confirm with . or Enter, or press ? or * to list all spells.
Aiming: Freeze (safe; 4% risk of failure)
Press: ? - help, Shift-Dir - straight line, f/p - hound skeleton
Aim: a hound skeleton (severely damaged, constricted by you)
You freeze the hound skeleton.
The hound skeleton resists.
The hound skeleton is severely damaged.
You constrict the hound skeleton.
The leopard gecko completely misses you.
The hound skeleton misses you. The ooze hits you but does no damage.
The leopard gecko barely misses you.
Casting: Freeze (safe; 4% risk of failure)
Confirm with . or Enter, or press ? or * to list all spells.
Aiming: Freeze (safe; 4% risk of failure)
Press: ? - help, Shift-Dir - straight line, f/p - hound skeleton
Aim: a hound skeleton (severely damaged, constricted by you)
You freeze the hound skeleton.
The hound skeleton completely resists.
The hound skeleton is severely damaged.
You constrict the hound skeleton. The hound skeleton closely misses you.
The leopard gecko bites you but does no damage.
The ooze barely misses you.
Press: ? - help, v - describe, . - travel
Here: a hound skeleton (severely damaged, constricted by you)
The floor.
You release your grip on the hound skeleton.
The hound skeleton bites you.
You see here 14 gold pieces.
The hound skeleton completely misses you.
There is a stone staircase leading up here.
You hit the hound skeleton. You grab the hound skeleton.
The hound skeleton is almost destroyed.
You constrict the hound skeleton. The leopard gecko bites you.
The hound skeleton closely misses you. The leopard gecko barely misses you.
You barely miss the hound skeleton.
The hound skeleton is almost destroyed.
You constrict the hound skeleton, but do no damage.
The hound skeleton closely misses you. The leopard gecko bites you.
The ooze hits you.
* * * LOW HITPOINT WARNING * * *
You release your grip on the hound skeleton.
The hound skeleton bites you.
* * * LOW HITPOINT WARNING * * *
The leopard gecko closely misses you. The ooze hits you but does no damage.
You climb upwards.
There is a stone staircase leading down here.
Casting: Freeze (safe; 4% risk of failure)
Confirm with . or Enter, or press ? or * to list all spells.
Aiming: Freeze (safe; 4% risk of failure)
Press: ? - help, Shift-Dir - straight line, f - leopard gecko
Aim: a leopard gecko You freeze the leopard gecko.
You kill the leopard gecko!
The ooze barely misses you.
Casting: Freeze (safe; 4% risk of failure)
Confirm with . or Enter, or press ? or * to list all spells.
Aiming: Freeze (safe; 4% risk of failure)
Press: ? - help, Shift-Dir - straight line, f - ooze
Aim: an ooze You freeze the ooze.
The ooze is moderately wounded.
The ooze hits you.
You die...

#............#
#.##########.# #.# #.# #.#
#.# #.# #.# #)# #.# ######
#.# #.# ##....########.###
#.# .'.............J@# #.#
##.........###.#.# #.#
#.....###.###.#.# #.#
#.รท...# #.....#(# #.#
######.#########.# #.#
....##...........# #.#
........#################.#
........##...............[#
###.........###############


You could see an ooze.

Vanquished Creatures
  A dart slug (D:1)
  3 leopard geckos (D:1)
  2 giant cockroaches (D:1)
  3 hobgoblins (D:1)
  3 kobolds (D:1)
  7 bats (D:1)
  A frilled lizard (D:1)
  3 goblins (D:1)
  A rat (D:1)
24 creatures vanquished.

Notes
Turn   | Place    | Note
-------+----------+-------------------------------------------
     0 | D:1      | sankara the Octopode Ice Elementalist began the quest for the Orb.
     0 | D:1      | Reached XP level 1. HP: 11/11 MP: 3/3
    98 | D:1      | Reached skill level 3 in Stealth
   127 | D:1      | Reached XP level 2. HP: 17/17 MP: 5/5
   672 | D:1      | Reached XP level 3. HP: 21/21 MP: 6/6
   686 | D:1      | Reached skill level 4 in Stealth
   700 | D:1      | Learned a level 3 spell: Ozocubu's Armour
   968 | D:2      | HP: 4/21 [ooze (4)]
   969 | D:2      | HP: 1/21 [hound skeleton (3)]
   972 | D:1      | Slain by an ooze

Vault maps used:
D:1:      scummos_arrival_forest
D:2:      ashenzari_altar_1, first_ration

Skill      XL: |  1  2  3 |
---------------+----------+-----
Stealth        | 3 4 |  4.1
Dodging        | |  2.0
Spellcasting   | |  2.3
Conjurations   | |  1.0
Charms         | |  0.1
Ice Magic      | |  3.3

Action                   || total
-------------------------++-------
Melee: Dagger            ||    33
       Constrict         ||     6
       Tentacles         ||     1
 Cast: Freeze            ||    19
 Stab: Sleeping          ||    12
Armor: Skin              ||    10
Dodge: Dodged            ||    40

Table legend:
 A = Spawn XP
 B = Non-spawn XP
 C = Spawn XP percentage of total XP
 D = Spawn monster count
 E = Non-spawn monster count
 F = Spawn count percentage of total count
 G = Total turns spent on level
                    A         B        C        D         E        F      G
               +---------+---------+-------+---------+---------+-------+---------
         Total |       0 |      45 |   0.0 |       0 |      24 |   0.0 |   972
               +---------+---------+-------+---------+---------+-------+---------
           D:1 |       0 |      45 |   0.0 |       0 |      24 |   0.0 |   951
               +---------+---------+-------+---------+---------+-------+---------

Vault maps used:
D:1:      scummos_arrival_forest
D:2:      ashenzari_altar_1, first_ration

Table legend:
 A = Turns spent in this place as a percentage of turns spent in the entire game.
 B = Non-inter-level travel turns spent in this place as a percentage of non-inter-level travel turns spent in the entire game.
 C = Inter-level travel turns spent in this place as a percentage of turns spent in this place.
 D = Turns resting spent in this place as a percentage of non-inter-level travel turns spent in this place.
 E = Turns spent auto-exploring this place as a percentage of non-inter-level travel turns spent in this place.
 F = Non-inter-level travel turns spent in this place divided by the number of levels of this place that you've seen.
                   A       B       C       D       E      F
               +-------+-------+-------+-------+-------+----------------------
         Total | 100.0 | 100.0 |   9.6 |  14.2 |  58.6 | 439.5
       Dungeon | 100.0 | 100.0 |   9.6 |  14.2 |  58.6 | 439.5
               +-------+-------+-------+-------+-------+----------------------

Table legend:
 A = Kills in this place as a percentage of kills in entire the game.
 B = Kills by you in this place as a percentage of kills by you in the entire game.
 C = Kills by friends in this place as a percentage of kills by friends in the entire game.
 D = Other kills in this place as a percentage of other kills in the entire game.
 E = Experience gained in this place as a percentage of experience gained in the entire game.
 F = Experience gained in this place divided by the number of levels of this place that you have seen.
                   A       B       C       D       E      F
               +-------+-------+-------+-------+-------+----------------------
         Total | 100.0 | 100.0 |   N/A |   N/A | 100.0 |  22.5
       Dungeon | 100.0 | 100.0 |   N/A |   N/A | 100.0 |  22.5
               +-------+-------+-------+-------+-------+----------------------
